 Dungeon Crawl Stone Soup version 0.29.1-15-g9cfb28693d (webtiles) character file.

Game seed: 16365488749199599473

490 Sanktem7 the Chopper (level 6, 0/56 HPs)
             Began as a Minotaur Fighter on Mar 14, 2023.
             Killed from afar by Blork the orc (6 damage)
             ... with a magic dart
             ... on level 5 of the Dungeon.
             The game lasted 00:04:56 (3297 turns).

Sanktem7 the Chopper (Minotaur Fighter)             Turns: 3297, Time: 00:04:56

Health: 0/56       AC:  7    Str: 22    XL:     6   Next: 90%
Magic:  5/5        EV:  9    Int:  5    God:
Gold:   233        SH:  5    Dex: 10    Spells: 5/5 levels left

rFire   . . .      SeeInvis .   t - +0 hand axe (elec) {axe}
rCold   . . .      Faith    .   c - +0 buckler
rNeg    . . .      Spirit   .   b - +0 scale mail
rPois   .          Reflect  .   (helmet restricted)
rElec   .          Harm     .   (no cloak)
rCorr   .          Rampage  .   (no gloves)
Will    .....                   (no boots)
Stlth   ..........              (no amulet)
HPRegen 0.18/turn               (no ring)
MPRegen 0.09/turn               (no ring)

@: lethally poisoned (0 -> -2)
A: horns 2, retaliatory headbutt
a: no special abilities


You were on level 5 of the Dungeon.
You visited 1 branch of the dungeon, and saw 5 of its levels.

You collected 233 gold pieces.


Innate Abilities, Weirdness & Mutations

You have a pair of horns on your head.
You reflexively headbutt those who attack you in melee.


   Skills:
 + Level 5.3 Fighting
 * Level 6.0 Axes
 + Level 5.2 Armour
 + Level 5.3 Shields


You had 5 spell levels left.
You didn't know any spells.
Your spell library contained the following spells:

 Spells                   Type           Power      Damage    Failure   Level
 Necrotise                Necr           0%         1d4       86%         1
 Blink                    Tloc           0%         N/A       95%         2
 Ensorcelled Hibernation  Hex/Ice        0%         N/A       95%         2
 Passwall                 Tmut/Erth      0%         N/A       95%         2
 Swiftness                Air            0%         N/A       99%         3
 Vampiric Draining        Necr           0%         2d6       99%         3
 Airstrike                Air            0%         2d(0-16)  100%        4
 Summon Lightning Spire   Summ/Air       0%         N/A       100%        4
 Agony                    Necr           0%         N/A       100%        5
 Lightning Bolt           Conj/Air       0%         1d11      100%        5
 Manifold Assault         Tloc           0%         N/A       100%        5
 Storm Form               Tmut/Air       0%         N/A       100%        7

Inventory:

Hand Weapons
 a - a +0 war axe {axe}
 t - a +0 hand axe of electrocution (weapon) {axe}
   (You found it on level 2 of the Dungeon)
Missiles
 i - 32 stones (quivered) {throwing}
 u - 9 boomerangs {throwing}
 x - 5 poisoned darts {throwing}
Armour
 b - a +0 scale mail (worn)
 c - a +0 buckler (worn)
Jewellery
 s - an amulet of magic regeneration {@e2}
   (You took it off a goblin on level 3 of the Dungeon)
Scrolls
 e - 2 scrolls of poison {unknown}
 g - 4 scrolls of identify {unknown}
 j - 3 scrolls of vulnerability {unknown}
 m - a scroll of blinking {unknown}
 q - a scroll of teleportation {unknown}
 r - a scroll of fog {unknown}
 v - 3 scrolls of fear {unknown}
 w - a scroll of noise {unknown}
Potions
 d - 2 potions of might
 f - 2 potions of haste {@q3}
 h - 2 potions of heal wounds {@q2}
 k - a potion of curing {unknown}
 l - 2 potions of mutation {unknown}
 n - 2 potions of brilliance {unknown}
 o - a potion of resistance {unknown}
 p - a potion of degeneration {unknown}
 z - a potion of magic {unknown}

Dungeon Overview and Level Annotations

Branches:
Dungeon (5/15) Zot: 26685
 Temple: D:4-7

Altars:
Kikubaaqudgha

Annotations:
D:5 Blork the orc

#. .### $...
##..o ## ...##
#.# #...###.#
#oo#.#..# #.@#..#
. #..o..# ..
####..#.#####...
#.......).......
#.##....†.......
..........†####..
#.#####.#.#.# #
#...<.# #.....#


You could see Blork the orc (fast), an orc priest and 2 orcs.


Message History

Lightning courses through the killer bee!
You kill the killer bee!
You feel sick. You block the killer bee's attack. The killer bee stings you.
You are more poisoned.
The killer bee poisons you! The killer bee closely misses you.
The killer bee completely misses you. You furiously retaliate!
You headbutt the killer bee! 😮 HP[-5]
You take 5 damage, and now have 40/56 hp.
You are too injured to fight recklessly!
You are too injured to fight recklessly!
You are too injured to fight recklessly!
You are too injured to fight recklessly!
You are too injured to fight recklessly!
You are too injured to fight recklessly!
You are too injured to fight recklessly!
You are too injured to fight recklessly!
You are too injured to fight recklessly!
You are too injured to fight recklessly!
You are too injured to fight recklessly!
You are too injured to fight recklessly!
You are too injured to fight recklessly!
You are too injured to fight recklessly!
You are too injured to fight recklessly!
You are too injured to fight recklessly!
You are too injured to fight recklessly!
You are too injured to fight recklessly!
You are too injured to fight recklessly!
You are too injured to fight recklessly!
You are too injured to fight recklessly!
You miss the killer bee. You barely miss the killer bee.
You feel very sick. The killer bee stings you. x2
You are more poisoned.
The killer bee poisons you! The killer bee completely misses you.
You furiously retaliate!
You headbutt the killer bee.
The killer bee barely misses you. 😮 HP[-9]
You take 9 damage, and now have 31/56 hp.
You closely miss the killer bee. You hit the killer bee.
Lightning courses through the killer bee!
You kill the killer bee!
You feel very sick. The killer bee completely misses you.
You furiously retaliate!
You headbutt the killer bee! The killer bee stings you.
* * * LOW HITPOINT WARNING * * *
😨 HP[-7]
You take 7 damage, and now have 24/56 hp.
You hit the killer bee.
You feel very sick. The killer bee closely misses you. You furiously retaliate!
You headbutt the killer bee!
You kill the killer bee!
Your Axes skill increases to level 6! 😨 HP[-4]
You take 4 damage, and now have 20/56 hp.
You feel very sick.
An orc comes into view. It is wielding a +0 whip.
You see here a killer bee corpse. 😨 HP[-4]
You take 4 damage, and now have 16/56 hp.
An orc is nearby!
An orc is nearby!
You feel very sick. 😱 HP[-3]
You take 3 damage, and now have 13/56 hp.
Unknown command.
You feel sick.
Blork the orc comes into view.
He is wielding a +0 glaive. 😱 HP[-2]
You take 2 damage, and now have 11/56 hp.
You feel sick. The orc barely misses you.
An orc comes into view. It is wielding a +0 hand axe. 😱 HP[-1]
You take 1 damage, and now have 10/56 hp.
You feel sick.
The orc shouts!
The orc misses you. 😱 HP[-1]
You take 1 damage, and now have 9/56 hp.
You feel sick. The orc barely misses you.
Blork the orc points at you and mumbles some strange words.
The puff of frost misses you.
An orc priest comes into view. It is wielding a +0 club. 😱 HP[-1]
You take 1 damage, and now have 8/56 hp.
You closely miss Blork the orc.
The orc priest shouts!
You headbutt Blork the orc. You hit the orc.
You feel sick. You block the orc's attack.
Blork the orc mumbles some strange words.
Blork the orc seems to speed up. 😱 HP[-1]
You take 1 damage, and now have 7/56 hp.
You hit Blork the orc but do no damage.
Lightning courses through Blork the orc!!
You hit the orc but do no damage. You barely miss the orc.
You feel sick. Blork the orc casts a spell at you. The magic dart hits you.
You die...

Skill      XL: |  1  2  3  4  5  6 |
---------------+-------------------+-----
Axes           | 3 4 5 6 |  6.0
Fighting       | 4 5 |  5.3
Shields        | 4 5 |  5.3
Armour         | 4 5 |  5.2

Action                   |  1- 3 |  4- 6 || total
-------------------------+-------+-------++-------
Melee: War axe           |    63 |    10 ||    73
       Headbutt          |     7 |    13 ||    20
       Hand axe          |       |    86 ||    86
  Use: Potion            |       |     2 ||     2
Armor: Scale mail        |    24 |    55 ||    79
Dodge: Dodged            |    31 |    51 ||    82
Block: Buckler           |    11 |    40 ||    51

Levels and vault maps discovered:
D:1:      dpeg_arrival_pits, layout_basic, shapermc_ecumenical_altar_gd
D:2:      minmay_spotlight, layout_rooms, dreamdust_princess_corridor,
          kennysheep_nondescript
D:3:      layout_rooms, uniq_robin
D:4:      layout_cave_pools, nicolae_kikubaaqudgha_miasma_corner
D:5:      layout_loops_ring, kb_lookout_dungeons_type, uniq_blork_the_orc

Notes
Turn   | Place    | Note
-------+----------+-------------------------------------------
     0 | D:1      | Sanktem7 the Minotaur Fighter began the quest for the Orb.
     0 | D:1      | Reached XP level 1. HP: 19/19 MP: 0/0
     0 | D:1      | magus.rc [v1.9.6]
   175 | D:1      | Reached XP level 2. HP: 27/27 MP: 1/1
   323 | D:1      | Reached skill level 3 in Axes
   351 | D:1      | Found a faded altar of an unknown god.
   554 | D:1      | You add the spells Blink, Manifold Assault and Storm Form
                  | to your library.
   910 | D:2      | Reached skill level 4 in Fighting
   951 | D:2      | Reached XP level 3. HP: 33/33 MP: 2/2
   983 | D:2      | Reached skill level 4 in Shields
  1025 | D:2      | Reached skill level 4 in Armour
  1028 | D:2      | HP: 6/33 [gnoll/+0 flail (6)]
  1029 | D:2      | HP: 1/33 [gnoll/+0 flail (5)]
  1058 | D:2      | HP: 2/33 [rat (2)]
  1448 | D:2      | Reached XP level 4. HP: 40/40 MP: 3/3
  1461 | D:2      | Identified the +6 rapier of a Gauntlet {vorpal, rElec
                  | Str+3}
  1465 | D:2      | magus.rc [v1.9.6]
  1551 | D:2      | Identified the +2 short sword "Dragon's Tongue" {freeze,
                  | rC+ Will+}
  1880 | D:3      | Reached skill level 4 in Axes
  1976 | D:3      | Noticed Robin
  1994 | D:3      | Killed Robin
  2202 | D:3      | You pick up a book of Necromancy and begin reading...
  2202 | D:3      | You add the spells Necrotise, Vampiric Draining and Agony
                  | to your library.
  2382 | D:3      | You pick up a book of Burglary and begin reading...
  2382 | D:3      | You add the spells Passwall, Ensorcelled Hibernation and
                  | Swiftness to your library.
  2455 | D:4      | Reached XP level 5. HP: 43/47 MP: 4/4
  2587 | D:4      | You pick up a book of Storms and begin reading...
  2587 | D:4      | You add the spells Airstrike, Summon Lightning Spire and
                  | Lightning Bolt to your library.
  2636 | D:4      | HP: 8/47 [poisoned by a gnoll]
  2908 | D:4      | Reached skill level 5 in Axes
  2908 | D:4      | Reached XP level 6. HP: 47/55 MP: 5/5
  3070 | D:4      | Found an ancient bone altar of Kikubaaqudgha.
  3089 | D:4      | Reached skill level 5 in Fighting
  3089 | D:4      | Reached skill level 5 in Shields
  3280 | D:5      | Entered Level 5 of the Dungeon
  3283 | D:5      | Reached skill level 5 in Armour
  3290 | D:5      | Reached skill level 6 in Axes
  3291 | D:5      | HP: 13/56 [poisoned by a killer bee]
  3292 | D:5      | Noticed Blork the orc
  3296 | D:5      | HP: 7/56 [poisoned by a killer bee]
  3297 | D:5      | Killed from afar by Blork the orc

Vanquished Creatures
  2 scorpions (D:4)
  3 killer bees (D:5)
  A jelly (D:4)
  An iguana (D:4)
  Robin (D:3)
  7 gnolls
  2 adders
  An ufetubus (D:4)
  A worm (D:3)
  6 ball pythons
  3 bats (D:1)
  5 endoplasms
  4 giant cockroaches
  12 goblins
  13 hobgoblins
  6 jackals (D:4)
  5 quokkas
  6 frilled lizards
  3 kobolds
  10 rats
92 creatures vanquished.

Vanquished Creatures (others)
  5 fungi (D:1)
5 creatures vanquished.

Grand Total: 97 creatures vanquished

Table legend:
 A = Non-vault XP
 B = Vault XP
 C = Vault XP percentage of total XP
 D = Non-vault monster count
 E = Vault monster count
 F = Vault count percentage of total count
                 A         B        C        D         E       F
            +---------+---------+-------+---------+---------+-------
      Total |     649 |      51 |   7.3 |      77 |      15 |  16.3
            +---------+---------+-------+---------+---------+-------
        D:1 |      36 |       0 |   0.0 |      21 |       0 |   0.0
        D:2 |      65 |      15 |  18.8 |      19 |       3 |  13.6
        D:3 |      14 |      36 |  72.0 |       7 |      12 |  63.2
        D:4 |     338 |       0 |   0.0 |      26 |       0 |   0.0
        D:5 |     196 |       0 |   0.0 |       4 |       0 |   0.0
            +---------+---------+-------+---------+---------+-------

Illustrated notes

Table legend:
 A = Kills in this place as a percentage of kills in entire the game.
 B = Kills by you in this place as a percentage of kills by you in the entire game.
 C = Kills by friends in this place as a percentage of kills by friends in the entire game.
 D = Other kills in this place as a percentage of other kills in the entire game.
 E = Experience gained in this place as a percentage of experience gained in the entire game.
 F = Experience gained in this place divided by the number of levels of this place that you have seen.
                   A       B       C       D       E      F
               +-------+-------+-------+-------+-------+----------------------
         Total | 100.0 | 100.0 |   N/A |   N/A | 100.0 | 140.0
       Dungeon | 100.0 | 100.0 |   N/A |   N/A | 100.0 | 140.0
               +-------+-------+-------+-------+-------+----------------------

Table legend: (Time is in decaauts)
 A = Elapsed time spent in this place.
 B = Non-inter-level travel time spent in this place.
 C = Inter-level travel time spent in this place.
 D = Time resting spent in this place.
 E = Time spent auto-exploring this place.
 F = Levels seen in this place.
 G = Mean time per level.
                   A        B        C        D        E       F      G
               +--------+--------+--------+--------+--------+-----+--------+
         Total |   3313 |   3212 |    101 |      0 |   2755 |   5 |  662.6 |
       Dungeon |   3313 |   3212 |    101 |      0 |   2755 |   5 |  662.6 |
               +--------+--------+--------+--------+--------+-----+--------+

Top non-repeatable levels by time:
     D:2: 958 daAuts
     D:1: 918 daAuts
     D:4: 832 daAuts
     D:3: 587 daAuts
     D:5: 17 daAuts
